 Dungeon Crawl Stone Soup version 0.21-a0-127-g329daca (webtiles) character file.

2746 Murumi the Protected (level 9, -8/57 HPs)
             Began as a Gargoyle Fighter on July 15, 2017.
             Was an Elder of Elyvilon.
             Mangled by a two-headed ogre
             ... wielding a +0 giant club
              (21 damage)
             ... on level 9 of the Dungeon.
             The game lasted 00:32:18 (8014 turns).

Murumi the Protected (Gargoyle Fighter)             Turns: 8014, Time: 00:32:20

Health: -8/57      AC: 17    Str: 26    XL:     9   Next: 68%
Magic:  9/13       EV:  9    Int:  9    God:    Elyvilon [****..]
Gold:   489        SH:  0    Dex:  9    Spells: 8/8 levels left

rFire    . . .     SeeInvis +   J - +0 morningstar
rCold    . . .     Gourm    .   (no shield)
rNeg     + . .     Faith    .   q - +0 chain mail
rPois    ∞         Spirit   .   y - +0 helmet
rElec    +         Reflect  .   (no cloak)
rCorr    .         Harm     .   (no gloves)
MR       .....                  (no boots)
Stlth    ..........             (no amulet)
HPRegen  0.19/turn              i - +3 ring of strength
MPRegen  0.13/turn              w - ring of see invisible

@: no status effects
A: negative energy resistance 1, electricity resistance, unbreathing,
petrification resistance, rot immunity, AC +5
a: Lesser Healing, Heal Other, Purification, Greater Healing, Divine Protection,
Renounce Religion


You were on level 9 of the Dungeon.
You worshipped Elyvilon.
Elyvilon was greatly pleased with you.
You were very hungry.

You visited 2 branches of the dungeon, and saw 10 of its levels.

You collected 489 gold pieces.

Inventory:

Hand Weapons
 a - a +0 flail
 o - a +0 dire flail
 J - a +0 morningstar (weapon)
Missiles
 e - 169 stones (quivered)
 r - 2 tomahawks of returning
 t - 8 javelins
 E - a throwing net
 H - 3 tomahawks
Armour
 c - a +0 shield
 q - a +0 chain mail (worn)
 y - a +0 helmet (worn)
Jewellery
 i - a +3 ring of strength (left hand)
 m - an uncursed ring of positive energy
 w - a ring of see invisible (right hand)
 N - an uncursed amulet of rage {unknown}
Wands
 F - a wand of flame (45/48)
Scrolls
 b - a scroll of recharging
 g - a scroll of teleportation
 j - a scroll of blinking
 l - a scroll of random uselessness
 s - a scroll of enchant armour {unknown}
 v - 2 scrolls of remove curse
 D - a scroll of noise {unknown}
 G - a scroll of magic mapping
 I - a scroll of immolation {unknown}
 L - a scroll of fog {unknown}
 M - a scroll of amnesia {unknown}
Potions
 d - 5 potions of might
 h - 2 potions of flight
 n - 2 potions of brilliance
 p - 2 potions of lignification
 u - a potion of invisibility {unknown}
 x - 4 potions of curing
 A - a potion of degeneration {unknown}
 B - 2 potions of haste
 C - 3 potions of heal wounds {unknown}
Books
 K - a book of Misfortune

   Spells                             Type                      Level
   a - Confusing Touch                Hexes                        1
   b - Confuse                        Hexes                        3
   c - Gell's Gravitas                Translocation                3
   d - Petrify                        Transmutation/Earth          4
   e - Metabolic Englaciation         Hexes/Ice                    5
   f - Yara's Violent Unravelling     Hexes/Transmutation          5
Comestibles
 f - 4 bread rations
 k - 2 meat rations


   Skills:
 - Level 7.1 Fighting
 - Level 6.0 Maces & Flails
 - Level 2.1 Throwing
 - Level 8.2 Armour
 - Level 2.2 Dodging
 - Level 3.2 Shields
 + Level 6.5 Invocations


You had 8 spell levels left.
You didn't know any spells.

Dungeon Overview and Level Annotations

Branches:
Dungeon (9/15)             Temple (1/1) D:5            Lair (0/6) D:9
    Orc: D:9-12

Altars:
Ashenzari
Cheibriados
Dithmenos
Elyvilon
Fedhas
Gozag
Hepliaklqana
Kikubaaqudgha
Makhleb
Nemelex Xobeh
Okawaru
Qazlal
Ru
Sif Muna
Trog
Uskayaw
Vehumet
Wu Jian
Xom
Yredelemnul
Zin
The Shining One

Shops:
D:4 :

Portals:
Bailey: D:9


Innate Abilities, Weirdness & Mutations

You are resistant to torment.
Your stone body is resilient. (AC +5)
You are immune to poison.
You resist negative energy. (rN+)
You are resistant to electric shocks. (rElec)
You can survive without breathing.
You are immune to petrification.
You are immune to rotting.


Message History

You hear a splash.
The goblin hits you but does no damage.
You puncture the two-headed ogre!
The two-headed ogre is moderately wounded.
The goblin hits you but does no damage. The two-headed ogre closely misses you.
The two-headed ogre hits you with a giant spiked club!
The crimson imp blinks!
The goblin barely misses you. x2
You are healed.
You are feeling hungry.
The two-headed ogre hits you with a giant club!
The two-headed ogre hits you with a giant spiked club!!
* * * LOW HITPOINT WARNING * * *
The goblin hits you but does no damage.
You are healed.
You are feeling very hungry.
The goblin barely misses you.
The two-headed ogre hits you with a giant club!!
* * * LOW HITPOINT WARNING * * *
The two-headed ogre hits you with a giant spiked club!!
You die...

*,,,,,,,,,,,* ******,****,,
###*****,* **, #..,,,,,,*
** #.#****,,* **≈ #.## *,,*
**≈≈ #..## *,,##♣≈≈≈
###########...##*....≈≈≈≈
##.(...gg@).....##....≈≈≈≈
*#......(Og≈≈≈≈≈.##...#≈≈P≈
*.....5..(#####≈.##...#♣≈≈≈
*........(#,,,#≈.##.....≈P≈
*...(....≈.g∩=#≈(..........
*........≈#...#≈.(......P≈P
*........≈#####≈c..5....≈≈≈
*#.......≈≈≈≈≈≈≈...<.....≈≈
*.................(#......♣


You could see a two-headed ogre, a crimson imp and 3 goblins.

Vanquished Creatures
  A two-headed ogre (D:9)
  Sigmund (D:3)
  A hungry ghost (D:8)
  A sky beast (D:7)
  A necrophage (D:7)
  A phantom (D:5)
  2 centaurs (D:9)
  An ogre (D:6)
  A big kobold (D:8)
  2 scorpions (D:6)
  5 wights (D:8)
  2 crimson imps
  A quasit (D:9)
  4 hounds
  A bullfrog skeleton (D:5)
  A jelly (D:8)
  An orc wizard (D:8)
  3 orc priests
  A centaur skeleton (D:5)
  An iguana (D:7)
  3 worker ants
  A hound zombie (D:5)
  A hound skeleton (D:5)
  A howler monkey zombie (D:9)
  A worker ant zombie (D:5)
  11 adders
  8 gnolls
  2 shadow imps
  3 adder skeletons
  2 adder zombies
  7 worms
  11 dart slugs
  6 leopard geckos
  28 orcs
  3 bat zombies (D:8)
  3 giant cockroaches
  9 hobgoblins
  6 jackals (D:6)
  2 quokkas
  A ball python (D:7)
  4 bats
  3 frilled lizards
  7 goblins
  9 kobolds
  6 rats
  4 rat zombies (D:8)
174 creatures vanquished.

Notes
Turn   | Place    | Note
-------+----------+-------------------------------------------
     0 | D:1      | Murumi the Gargoyle Fighter began the quest for the Orb.
     0 | D:1      | Reached XP level 1. HP: 14/14 MP: 1/1
   154 | D:1      | Reached skill level 1 in Throwing
   243 | D:1      | Reached XP level 2. HP: 19/19 MP: 2/2
   453 | D:1      | Reached skill level 1 in Dodging
   669 | D:2      | Reached XP level 3. HP: 19/23 MP: 3/3
  1104 | D:2      | Found an iron altar of Okawaru.
  1148 | D:2      | Reached XP level 4. HP: 23/29 MP: 4/4
  1438 | D:2      | Noticed a moth of wrath
  1441 | D:2      | Found a bloodstained altar of Trog.
  1943 | D:3      | Found a sparkling altar of Nemelex Xobeh.
  2076 | D:3      | Reached skill level 4 in Armour
  2125 | D:3      | Reached XP level 5. HP: 26/33 MP: 5/5
  2571 | D:3      | Noticed Sigmund
  2586 | D:3      | Killed Sigmund
  2586 | D:3      | Reached skill level 5 in Maces & Flails
  2586 | D:3      | Reached XP level 6. HP: 30/38 MP: 6/6
  2606 | D:3      | Found a white marble altar of Elyvilon.
  2625 | D:3      | Became a worshipper of Elyvilon the Healer
  3202 | D:4      | Reached skill level 1 in Invocations
  3223 | D:4      | Found Fipuwev's Book Boutique.
  3337 | D:4      | Reached * piety under Elyvilon
  3524 | D:4      | You fall through a shaft for 2 floors!
  3645 | D:6      | Found a glowing silver altar of Zin.
  3676 | D:5      | Entered Level 5 of the Dungeon
  3791 | D:5      | Found a staircase to the Ecumenical Temple.
  3796 | Temple   | Entered the Ecumenical Temple
  3961 | D:4      | Reached ** piety under Elyvilon
  4445 | D:5      | Reached XP level 7. HP: 40/43 MP: 9/9
  4739 | D:5      | Found a shimmering altar of Xom.
  4878 | D:5      | Reached skill level 5 in Invocations
  4920 | D:5      | Found a glowing silver altar of Zin.
  5199 | D:6      | Reached *** piety under Elyvilon
  5470 | D:6      | Reached skill level 5 in Fighting
  5704 | D:6      | Reached XP level 8. HP: 48/49 MP: 11/11
  5756 | D:6      | Reached skill level 5 in Armour
  6128 | D:7      | Found a shattered altar of Ashenzari.
  6255 | D:7      | Reached skill level 6 in Armour
  6687 | D:7      | Found a radiant altar of Vehumet.
  6899 | D:7      | Upgraded the game from 0.21-a0-125-gb006224 to 0.21-a0-127-g329daca
  6972 | D:8      | Reached **** piety under Elyvilon
  7202 | D:8      | Found an ancient bone altar of Kikubaaqudgha.
  7455 | D:8      | Reached XP level 9. HP: 55/55 MP: 13/13
  7725 | D:9      | Noticed a two-headed ogre
  7887 | D:9      | Killed a two-headed ogre
  7887 | D:9      | Reached skill level 8 in Armour
  7999 | D:9      | Found a flagged portal.
  8001 | D:9      | Noticed a two-headed ogre
  8014 | D:9      | Mangled by a two-headed ogre

Vault maps used:
D:1:      lightli_arrival_windingriver
D:2:      tgw_trog, okawaru_metal_pillars_1_2
D:3:      kennysheep_slugbush, overflow_temple_1_default,
          nemelex_xobeh_ov_fountains_minmay, first_bread, uniq_sigmund
D:4:      serial_shops, kennysheep_mini_moat
D:5:      zin_scriptorium, minmay_temple_entry_butterflies, tgw_xom
D:6:      basic_altar, minmay_misc_feat_roman
D:7:      kennysheep_mini, marbit_many_paths
D:8:      lemuel_zombie_altar_kikubaaqudgha
D:9:      david_lair_generic, enter_bailey_3, serial_bayou, serial_bayou_pond_e,
          serial_bayou_pond_c, serial_bayou_lagoon_b, serial_bayou_lagoon_a
Temple:   jpeg_temple_clearing

Skill      XL: |  1  2  3  4  5  6  7  8  9 |
---------------+----------------------------+-----
Throwing       | 1 2 |  2.1
Dodging        | 1 2 |  2.2
Maces & Flails | 3 5 6 |  6.0
Fighting       | 4 5 6 7 |  7.1
Armour         | 4 6 8 |  8.2
Invocations    | 3 5 6 |  6.5
Shields        | |  3.2

Action                   |  1- 3 |  4- 6 |  7- 9 || total
-------------------------+-------+-------+-------++-------
Melee: Flail             |   109 |   228 |   127 ||   464
       Morningstar       |       |       |   245 ||   245
Throw: Stone             |    37 |   134 |   151 ||   322
       Javelin           |       |     1 |     2 ||     3
       Tomahawk          |       |       |    39 ||    39
Invok: Lesser Healing    |       |       |     3 ||     3
       Greater Healing   |       |       |     3 ||     3
  Use: Scroll            |     1 |     3 |     7 ||    11
  Eat: Chunk             |     1 |     9 |     6 ||    16
       Meat ration       |       |       |     2 ||     2
       Fruit             |       |       |    11 ||    11
       Royal jelly       |       |       |     2 ||     2
Armor: Scale mail        |    24 |       |       ||    24
       Chain mail        |    39 |   139 |   276 ||   454
Dodge: Dodged            |    59 |    97 |   170 ||   326
